 Dungeon Crawl Stone Soup version 0.19-a0-1672-g679cadd (webtiles) character file.

374 khekkus the Conjurer (level 6, 0/32 HPs)
             Began as a Deep Elf Conjurer on Sept 22, 2016.
             Succumbed to a worker ant's poison
             ... on level 5 of the Dungeon.
             The game lasted 00:10:53 (2948 turns).

khekkus the Conjurer (Deep Elf Conjurer)            Turns: 2948, Time: 00:10:54

Health: 0/32       AC:  3    Str:  7    XL:     6   Next: 43%
Magic:  16/21      EV: 13    Int: 23    God:
Gold:   167        SH:  0    Dex: 15    Spells: 3 memorised, 3 levels left

rFire  . . .     SeeInvis .     a - +0 dagger
rCold  . . .     Gourm    .     k - +1 robe
rNeg   . . .     Faith    .     (no shield)
rPois  .         Spirit   .     (no helmet)
rElec  .         Dismiss  .     (no cloak)
rCorr  .         Reflect  .     (no gloves)
MR     .....     Harm     .     (no boots)
Stlth  ++........               (no amulet)
                                h - +3 ring of intelligence
                                e - ring of magical power

@: lethally poisoned (0 -> -7)
A: no striking features
a: no special abilities


You were on level 5 of the Dungeon.
You were not hungry.

You visited 1 branch of the dungeon, and saw 5 of its levels.

You collected 167 gold pieces.

Inventory:

Hand Weapons
 a - a +0 dagger (weapon)
Armour
 k - a +1 robe (worn)
Jewellery
 e - a ring of magical power (left hand)
 h - a +3 ring of intelligence (right hand)
Scrolls
 j - a scroll of remove curse
 p - a scroll of amnesia
Potions
 f - 2 potions of magic
 i - a potion of cancellation
 q - 2 potions of flight
Books
 b - a book of Conjurations

   Spells                             Type                      Level
   a - Magic Dart                     Conjuration                  1
   b - Searing Ray                    Conjuration                  2
   c - Dazzling Spray                 Conjuration/Hexes            3
   d - Fulminant Prism                Conjuration/Hexes            4
   e - Iskenderun's Mystic Blast      Conjuration                  4
   f - Iskenderun's Battlesphere      Conjuration/Charms           5
 l - a book of the Tempests

   Spells                             Type                      Level
   a - Static Discharge               Conjuration/Air              3
   b - Lightning Bolt                 Conjuration/Air              5
   c - Fireball                       Conjuration/Fire             5
   d - Tornado                        Air                          9
   e - Shatter                        Earth                        9
Comestibles
 c - 4 bread rations
 g - 2 meat rations


   Skills:
 - Level 2.4 Dodging
 - Level 2.4 Stealth
 - Level 3.0 Spellcasting
 + Level 7.8 Conjurations
 + Level 4.2 Charms


You had 3 spell levels left.
You knew the following spells:

 Your Spells              Type           Power        Failure   Level  Hunger
a - Magic Dart            Conj           ####         1%          1    None
b - Searing Ray           Conj           #####.       1%          2    ##.....
c - Iskenderun's Battles  Conj/Chrm      ####....     30%         5    ######.


Dungeon Overview and Level Annotations

Branches:
Dungeon (5/15)
 Temple: D:4-7

Altars:


Message History

Casting: Searing Ray
Confirm with . or Enter, or press ? or * to list all spells.
Aiming: Searing Ray
Press: ? - help, Shift-Dir - straight line, f - you That beam is likely to hit you.
Continue anyway?
Okay, then.
Unknown command.
* * * LOW HITPOINT WARNING * * *
You feel sick.
* * * LOW HITPOINT WARNING * * *
You feel sick.
* * * LOW HITPOINT WARNING * * *
You feel sick.
* * * LOW HITPOINT WARNING * * *
You feel sick.
* * * LOW HITPOINT WARNING * * *
You feel sick.
* * * LOW HITPOINT WARNING * * *
You feel sick.
You die...

.# ##. #.# ##...
#.# ..... #.#
#...###.#
####.....#.#
..........#...
#..##.<.#..#
#....@..#..#
#...###.#..#
#....##..#..#
#..#..##.o#..#
.......##.....#
###.##..##.#...#
. ..#...##..# ..
#.#.####.## #.
#...##


There were no monsters in sight!

Vanquished Creatures
  An ogre (D:4)
  An orc priest (D:5)
  2 orc wizards (D:5)
  Jessica (D:2)
  Ijyb (D:2)
  Terence (D:2)
  A worker ant (D:5)
  4 adders
  An ooze (D:2)
  3 worms
  2 dart slugs (D:2)
  2 orcs
  A ball python (D:1)
  8 bats
  A giant cockroach (D:1)
  6 goblins
  4 hobgoblins
  2 quokkas
  3 frilled lizards
  5 kobolds
  7 rats
57 creatures vanquished.

Notes
Turn   | Place    | Note
-------+----------+-------------------------------------------
     0 | D:1      | khekkus the Deep Elf Conjurer began the quest for the Orb.
     0 | D:1      | Reached XP level 1. HP: 10/10 MP: 6/6
   221 | D:1      | Reached XP level 2. HP: 15/15 MP: 4/8
   228 | D:1      | Learned a level 2 spell: Searing Ray
   342 | D:1      | Reached skill level 5 in Conjurations
  1076 | D:2      | Reached XP level 3. HP: 19/19 MP: 5/9
  1549 | D:2      | Noticed Ijyb
  1568 | D:2      | Reached skill level 6 in Conjurations
  1808 | D:2      | Noticed Jessica
  1813 | D:2      | Killed Jessica
  1813 | D:2      | Reached XP level 4. HP: 24/24 MP: 5/10
  1875 | D:2      | Noticed Terence
  1880 | D:2      | Killed Terence
  1954 | D:2      | Killed Ijyb
  2115 | D:2      | Reached skill level 7 in Conjurations
  2115 | D:2      | Reached XP level 5. HP: 28/28 MP: 8/11
  2122 | D:2      | Learned a level 5 spell: Iskenderun's Battlesphere
  2446 | D:3      | Reached skill level 1 in Charms
  2603 | D:3      | You fall through a shaft for 2 floors!
  2603 | D:5      | Entered Level 5 of the Dungeon
  2835 | D:5      | Reached XP level 6. HP: 25/32 MP: 12/12
  2947 | D:5      | HP: 1/32 [poisoned by a worker ant]
  2948 | D:5      | Succumbed to a worker ant's poison

Vault maps used:
D:1:      scummos_arrival_forest
D:2:      uniq_terence, uniq_jessica, uniq_iyjb
D:3:      minmay_randomly_rotated_circles
D:4:      lemuel_doored_altar, nicolae_ru_the_path_less_chosen
D:5:      nicolae_overflow_crystal_walls, first_bread, serial_shops, shop,
          nicolae_shop_crystal, uniq_sigmund

Skill      XL: |  1  2  3  4  5  6 |
---------------+-------------------+-----
Conjurations   | 5 6 7 |  7.8
Charms         | 3 4 |  4.2
Dodging        | |  2.4
Stealth        | |  2.4
Spellcasting   | |  3.0

Action                   |  1- 3 |  4- 6 || total
-------------------------+-------+-------++-------
Melee: Dagger            |       |     1 ||     1
 Cast: Magic Dart        |    52 |    42 ||    94
       Searing Ray       |     5 |     5 ||    10
  Use: Scroll            |       |    11 ||    11
       Potion            |       |     2 ||     2
  Eat: Chunk             |     3 |     3 ||     6
Armor: Robe              |       |     1 ||     1
Dodge: Dodged            |     4 |     4 ||     8
